 Dungeon Crawl Stone Soup version 0.31-a0-960-g0fca184906 (webtiles) character file.

Game seed: 17821406087685814983

63 lunkers the Insei (level 4, -3/35 HPs)
             Began as a Meteoran Shapeshifter on Oct 23, 2023.
             Killed by divine providence
             ... invoked by an orc priest
              (15 damage)
             ... on level 3 of the Dungeon.
             The game lasted 00:02:29 (594 turns).

lunkers the Insei (Meteoran Shapeshifter)            Turns: 594, Time: 00:02:29

Health: -3/35      AC:  5    Str: 15    XL:     4   Next: 56%
Magic:  5/5        EV: 11    Int: 11    God:
Gold:   58         SH:  0    Dex: 16    Spells: 3/3 levels left

rFire   . .          .
                       - Unarmed
rCold   . . .        (no shield)
rNeg    . . .        h - +0 ring mail
rPois   .            (helmet currently unavailable)
rElec   .            (cloak currently unavailable)
rCorr   .            (gloves currently unavailable)
SInv    .            (boots currently unavailable)
Will    .....        (no amulet)
Stlth   +            (no ring)
HPRegen 0.25/turn    (no ring)
MPRegen 0.09/turn

%: no passive effects
@: beast-form, glowing
A: beast (slay +2), sense surroundings 1, otherworldly, glowing, explore regen
a: Begin Untransformation


You were on level 3 of the Dungeon.
You were a hulking beast.
You visited 1 branch of the dungeon, and saw 3 of its levels.

You collected 58 gold pieces.

Inventory:

Missiles
 i - 6 silver javelins
Armour
 a - a +0 animal skin
 g - a +1 helmet
 h - a +0 ring mail (worn)
Jewellery
 j - a ring of protection from cold
Talismans
 c - a beast talisman
 d - a flux talisman
Scrolls
 e - a scroll of immolation {unknown}
 f - a scroll of fog {unknown}
 k - 2 scrolls of identify {unknown}
Potions
 b - a potion of lignification


   Skills:
 - Level 1.1 Fighting
 - Level 2.1 Dodging
 * Level 5.2 Unarmed Combat
 + Level 4.3 Shapeshifting


You had 3 spell levels left.
You didn't know any spells.
Your spell library was empty.

Dungeon Overview and Level Annotations

Branches:
Dungeon (3/15) Zot: 1213

Altars:

Shops:
D:1 [


Innate Abilities, Weirdness & Mutations

You are a hulking beast.
Your limbs bulge with bestial killing power. (Slay +2)
You passively map a small area around you.
You are easily found by Zot.
You glow in the dark.
You regain HP and MP as you explore.


Message History

You closely miss the hobgoblin.
The orc priest shouts!
You hear a shout!
The hobgoblin hits you.
You hear an angry hiss.
You hit the hobgoblin but do no damage. You barely miss the hobgoblin.
The hobgoblin misses you.
The orc priest calls down the wrath of Beogh upon you.
Beogh smites you!
* * * LOW HITPOINT WARNING * * *
You closely miss the hobgoblin.
The hobgoblin hits you but does no damage.
An orc comes into view. It is wielding a +0 mace.
Unknown command.
You hit the hobgoblin.
The hobgoblin is moderately wounded.
The hobgoblin barely misses you.
Unknown command.
You hit the hobgoblin.
You kill the hobgoblin!
Unknown command.
You barely miss the orc priest.
The orc priest looks braver for a moment.
Unknown command.
You hit the orc priest.
The orc priest is lightly wounded.
Unknown command.
You punch the orc priest!
The orc priest is severely wounded.
The orc hits you with a +0 mace.
* * * LOW HITPOINT WARNING * * *
The orc priest barely misses you.
You closely miss the orc priest.
The orc priest is severely wounded.
The orc hits you but does no damage. The orc priest closely misses you.
Unknown command.
You hit the orc priest.
The orc priest is almost dead.
The orc priest calls down the wrath of Beogh upon you.
Beogh smites you!
You die...

* * ### * * + #..
#.# * * , ,, ...,
,* **###*#.# **
...#.# , ,,
**##.#o#########
*###..oh...<....#
,......#.#######.#
* ...........# #.#
########.#.# #.#
#.......#.####.#
#.#######......# *
######## * ,


You could see an orc priest and an orc.

Vanquished Creatures
  2 adders (D:2)
  2 dart slugs
  5 ball pythons
  3 bats
  4 endoplasms
  3 goblins
  6 hobgoblins
  4 kobolds (D:1)
  2 quokkas (D:1)
  5 rats
36 creatures vanquished.

Notes
Turn   | Place    | Note
-------+----------+-------------------------------------------
     0 | D:1      | lunkers the Meteoran Shapeshifter began the quest for the
                  | Orb.
     0 | D:1      | Reached XP level 1. HP: 16/16 MP: 2/2
    73 | D:1      | Reached skill level 4 in Unarmed Combat
    73 | D:1      | Reached XP level 2. HP: 21/23 MP: 3/3
   195 | D:1      | Reached XP level 3. HP: 13/28 MP: 4/4
   220 | D:1      | Found Yfobes's Armour Shoppe.
   376 | D:2      | Reached XP level 4. HP: 32/35 MP: 5/5
   439 | D:2      | Reached skill level 5 in Unarmed Combat
   594 | D:3      | Killed from afar by an orc priest

Illustrated notes

Levels and vault maps discovered:
D:1:      wander_arrival_abandoned_jail, layout_basic, serial_shops,
          nicolae_square_shop, hangedman_decor_peaks_small, glass_columns_a,
          dreamdust_princess_corridor
D:2:      layout_basic
D:3:      layout_basic, lexackson_kobold_supper

Skill      XL: |  1  2  3  4 |
---------------+-------------+-----
Unarmed Combat | 4 5 |  5.2
Shapeshifting  | 4 |  4.3
Fighting       | |  1.1
Dodging        | |  2.1

Action                     |  1- 3 |  4- 6 || total
---------------------------+-------+-------++-------
  Melee: Unarmed           |    66 |    32 ||    98
         Punch             |     2 |       ||     2
 Armour: Animal skin       |    33 |     1 ||    34
         Ring mail         |       |    11 ||    11
  Dodge: Dodged            |    34 |    10 ||    44

Table legend: (Time is in decaauts)
 A = Elapsed time spent in this place.
 B = Non-inter-level travel time spent in this place.
 C = Inter-level travel time spent in this place.
 D = Time resting spent in this place.
 E = Time spent auto-exploring this place.
 F = Levels seen in this place.
 G = Mean time per level.
                   A        B        C        D        E       F      G
               +--------+--------+--------+--------+--------+-----+--------+
         Total |    585 |    574 |     11 |      0 |    303 |   3 |  195.0 |
       Dungeon |    585 |    574 |     11 |      0 |    303 |   3 |  195.0 |
               +--------+--------+--------+--------+--------+-----+--------+

Top non-repeatable levels by time:
     D:2: 290 daAuts
     D:1: 263 daAuts
     D:3: 31 daAuts
